 Dungeon Crawl Stone Soup version 0.22.0-36-g8e74550 (webtiles) character file.

168 leisz the Grave Robber (level 5, -3/38 HPs)
             Began as a Demonspawn Necromancer on Aug 24, 2018.
             Slain by an orc wizard
             ... wielding a +0 dagger
              (4 damage)
             ... on level 4 of the Dungeon.
             The game lasted 00:12:24 (3253 turns).

leisz the Grave Robber (Demonspawn Necromancer)     Turns: 3253, Time: 00:12:25

Health: -3/38      AC:  3    Str:  8    XL:     5   Next: 23%
Magic:  3/8        EV: 13    Int: 18    God:
Gold:   112        SH:  0    Dex: 13    Spells: 7/9 levels left

rFire    + . .     SeeInvis .   l - +4 spear
rCold    . . .     Gourm    .   (no shield)
rNeg     . . .     Faith    .   a - +0 robe
rPois    .         Spirit   .   (helmet restricted)
rElec    .         Reflect  .   (no cloak)
rCorr    .         Harm     .   (no gloves)
MR       .....                  b - +0 pair of boots
Stlth    ++........             (no amulet)
HPRegen  0.12/turn              (no ring)
MPRegen  0.11/turn              (no ring)

@: no status effects
A: claws 1, hooves 1, horns 1, fire resistance 1
a: no special abilities


You were on level 4 of the Dungeon.
You were not hungry.

You visited 1 branch of the dungeon, and saw 4 of its levels.

You collected 112 gold pieces.

Inventory:

Hand Weapons
 l - a +4 spear (weapon)
 n - a +0 club
Missiles
 k - 60 stones (quivered)
 m - a throwing net
Armour
 a - a +0 robe (worn)
 b - a +0 pair of boots (worn)
Scrolls
 d - 5 scrolls of identify {unknown}
 e - 2 scrolls of immolation {unknown}
 f - a scroll of fog {unknown}
 i - 2 scrolls of magic mapping {unknown}
 j - a scroll of teleportation {unknown}
 o - 2 scrolls of remove curse {unknown}
Potions
 h - a potion of lignification {unknown}
 p - a potion of ambrosia {unknown}
 q - a potion of heal wounds {unknown}
 r - a potion of mutation {unknown}
Comestibles
 c - 2 rations


   Skills:
 + Level 1.7 Fighting
 + Level 1.5 Polearms
 + Level 1.6 Armour
 + Level 2.6 Dodging
 - Level 2.0 Stealth
 + Level 2.6 Spellcasting
 + Level 4.9 Necromancy


You had 7 spell levels left.
You knew the following spells:

 Your Spells              Type           Power        Failure   Level  Hunger
a - Pain                  Necr           ###.         2%          1    #......
b - Animate Skeleton      Necr           N/A          2%          1    #......

Your spell library contained the following spells:

 Spells                   Type           Power        Failure   Level  Hunger
 Vampiric Draining        Necr           ###.......   7%          3    ###....
 Regeneration             Chrm/Necr      ##........   19%         3    ###....
 Animate Dead             Necr           N/A          22%         4    #####..


Dungeon Overview and Level Annotations

Branches:
Dungeon (4/15)
 Temple: D:4-7

Altars:
Ru


Innate Abilities, Weirdness & Mutations

You have sharp fingernails.
You have large cloven feet.
You have a pair of small horns on your head.
Your flesh is heat resistant. (rF+)


Message History

The gnoll is almost dead.
The gnoll barely misses you.
You closely miss the gnoll.
The gnoll is almost dead.
The gnoll hits you but does no damage.
You barely miss the gnoll. Your headbutt misses the gnoll.
The gnoll is almost dead.
The gnoll hits you with an enchanted spear.
* * * LOW HITPOINT WARNING * * *
You hit the gnoll.
You kill the gnoll!
The gnoll misses you. The gnoll barely misses you.
There is a stone staircase leading down here.
The gnoll hits you.
* * * LOW HITPOINT WARNING * * *
You climb downwards.
The orc closely misses you.
There is a stone staircase leading up, spattered with blood here.
The orc wizard hits you with a dagger.
You die...

. ...
....###############
........(o((......#
####........###.#
#o#####<.# #.# #o#
###g.# #.# #O#
#..o@# #.# . #.#
#.#o## #.# ... #.#
#.#O####.#
.....#.###..o...[<#
........o.....######
...............#
.......####...##
......# #..## .....#
#.##


You could see an ogre, 2 orc wizards, a gnoll and an orc.

Vanquished Creatures
  An orc wizard (D:4)
  A worker ant zombie (D:2)
  2 gnolls (D:3)
  6 adders (D:2)
  An ooze (D:2)
  A dart slug (D:1)
  A leopard gecko (D:2)
  A ball python (D:1)
  9 bats
  3 giant cockroaches
  7 goblins
  4 hobgoblins
  A quokka (D:2)
  3 frilled lizards
  6 kobolds
  4 rats
51 creatures vanquished.

Vanquished Creatures (collateral kills)
  A dart slug (D:2)
  A hobgoblin (D:2)
  A kobold (D:2)
3 creatures vanquished.

Grand Total: 54 creatures vanquished

Notes
Turn   | Place    | Note
-------+----------+-------------------------------------------
     0 | D:1      | leisz the Demonspawn Necromancer began the quest for the Orb.
     0 | D:1      | Reached XP level 1. HP: 13/13 MP: 3/3
   527 | D:1      | Gained mutation: Your flesh is heat resistant. (rF+) [demonic ancestry]
   527 | D:1      | Reached XP level 2. HP: 16/19 MP: 0/5
   848 | D:1      | Learned a level 1 spell: Animate Skeleton
  1150 | D:1      | Reached skill level 1 in Armour
  1150 | D:1      | Gained mutation: You have a pair of small horns on your head. [demonic ancestry]
  1150 | D:1      | Reached XP level 3. HP: 25/25 MP: 4/6
  1914 | D:2      | Reached skill level 1 in Fighting
  1914 | D:2      | Reached skill level 1 in Polearms
  2210 | D:2      | Gained mutation: You have sharp fingernails. [demonic ancestry]
  2210 | D:2      | Reached XP level 4. HP: 31/32 MP: 5/7
  2725 | D:2      | Found a sacrificial altar of Ru.
  2960 | D:4      | Gained mutation: You have large cloven feet. [demonic ancestry]
  2960 | D:4      | Reached XP level 5. HP: 32/37 MP: 4/8
  3010 | D:4      | Noticed an ogre
  3251 | D:3      | HP: 1/38 [gnoll (3)]
  3253 | D:4      | Slain by an orc wizard

Skill      XL: |  1  2  3 |
---------------+----------+-----
Stealth        | 2 |  2.0
Dodging        | 2 |  2.6
Armour         | 1 |  1.6
Fighting       | 1 |  1.7
Polearms       | 1 |  1.5
Spellcasting   | |  2.6
Necromancy     | |  4.9

Action                   |  1- 3 |  4- 6 || total
-------------------------+-------+-------++-------
Melee: Spear             |    46 |    41 ||    87
       Unarmed           |     1 |       ||     1
       Headbutt          |     3 |     2 ||     5
Throw: Stone             |       |    20 ||    20
 Cast: Pain              |    48 |    30 ||    78
       Animate Skeleton  |     2 |     4 ||     6
  Use: Potion            |     2 |       ||     2
 Stab: Sleeping          |       |     1 ||     1
  Eat: Chunk             |     4 |     4 ||     8
Armor: Robe              |    22 |    11 ||    33
Dodge: Dodged            |    54 |    47 ||   101
